 Dungeon Crawl Stone Soup version 0.27-a0-1137-g3ef0f4ec91 (console) character file.

Game seed: 5503858706168046480

274888 jejorda2 the Phalangite (level 20, 0/240 HPs)
             Began as a Merfolk Berserker on May 3, 2021.
             Was the Champion of Trog.
             Succumbed to a nagaraja's bolt of poison
             ... on level 4 of the Snake Pit on May 6, 2021.
             The game lasted 02:01:11 (33074 turns).

jejorda2 the Phalangite (Merfolk Berserker)        Turns: 33074, Time: 02:01:11

Health: 0/240      AC: 28    Str: 29    XL:     20   Next: 73%
Magic:  20/20      EV: 14    Int:  7    God:    Trog [******]
Gold:   3396       SH:  0    Dex: 20    Spells: 19/19 levels left

rFire    + . .     SeeInvis +   a - +3 bardiche (flame)
rCold    + + .     Faith    .   (shield currently unavailable)
rNeg     . . .     Spirit   .   K - +5 plate armour of the Black Moon {rPois Will+ Int+4}
rPois    +         Reflect  .   T - +2 hat {SInv}
rElec    +         Harm     .   c - scarf {repulsion}
rCorr    +         Rampage  .   I - +2 pair of gloves {Str+3}
Will     ++++.                  u - +0 pair of boots "Pudoc" {rElec rC++ rCorr Int-3}
Stlth    ..........             D - amulet of regeneration
HPRegen  2.50/turn              Q - +6 ring of dexterity
MPRegen  0.17/turn              U - ring of protection from fire

@: berserking, lethally poisoned (0 -> -2), strong-willed, regenerating,
constricted, repel missiles, very quick
A: (nimble swimmer 2), mertail
}: 1/15 runes: decaying
a: Renounce Religion, Berserk, Trog's Hand, Brothers in Arms


You were on level 4 of the Snake Pit.
You worshipped Trog.
Trog was exalted by your worship.
You visited 5 branches of the dungeon, and saw 31 of its levels.
You also visited: Gauntlet and Volcano.

You collected 4503 gold pieces.
You spent 1107 gold pieces at shops.

Inventory:

Hand Weapons
 a - a +3 bardiche of flaming (weapon)
 b - a +4 antimagic glaive
Missiles
 h - 18 atropa-tipped darts
 v - 9 throwing nets
 x - 95 poisoned darts
 E - 19 boomerangs
 G - 32 javelins (quivered)
 J - 13 silver javelins
 P - 4 curare-tipped darts
 R - 7 boomerangs of dispersal
Armour
 c - a scarf of repulsion (worn)
 u - the +0 pair of boots "Pudoc" (worn) {rElec rC++ rCorr Int-3}
   (You found it on level 6 of the Dungeon)

   It affects your intelligence (-3).
   It greatly protects you from cold.
   It insulates you from electricity.
   It protects you from acid and corrosion.
 I - a +2 pair of gloves of strength (worn)
 K - the +5 plate armour of the Black Moon (worn) {rPois Will+ Int+4}
   (You took it off a minotaur in a Gauntlet)

   It affects your intelligence (+4).
   It protects you from poison.
   It increases your willpower.
 T - a +2 hat of see invisible (worn)
Jewellery
 w - a ring of ice
 B - a ring of fire
 D - an amulet of regeneration (around neck)
 Q - a +6 ring of dexterity (left hand)
 U - a ring of protection from fire (right hand)
Wands
 q - a wand of polymorph (23)
 s - a wand of flame (76)
 y - a wand of acid (29)
 z - a wand of charming (16)
 C - a wand of paralysis (33)
 F - a wand of digging (8)
 H - a wand of iceblast (16)
Scrolls
 n - 5 scrolls of magic mapping
 r - 8 scrolls of fog
 t - 10 scrolls of teleportation
 A - 21 scrolls of identify
 N - 5 scrolls of enchant weapon
 O - 2 scrolls of blinking
 V - 2 scrolls of silence
 X - a scroll of summoning
 Y - 2 scrolls of fear
Potions
 d - 6 potions of heal wounds
 e - 2 potions of cancellation
 f - 7 potions of flight
 g - 14 potions of curing
 i - 4 potions of resistance
 j - 5 potions of haste
 l - 4 potions of invisibility
 m - 6 potions of mutation
 p - 4 potions of attraction
 L - 3 potions of berserk rage
 S - a potion of might
Miscellaneous
 k - a tin of tremorstones (1/2)
 o - a condenser vane (inert)
 M - a phial of floods
 W - a lightning rod (4/4)


   Skills:
 * Level 14.6 Fighting
 - Level 25.0 Polearms
 - Level 16.0 Throwing
 + Level 14.1 Armour
 + Level 14.4 Dodging
 - Level 13.0 Evocations


You had 19 spell levels left.
You didn't know any spells.
Your spell library contained the following spells:

 Spells                   Type           Power      Damage    Failure   Level
 Animate Skeleton         Necr           0%         N/A       95%         1
 Apportation              Tloc           0%         N/A       95%         1
 Beastly Appendage        Tmut           0%         N/A       95%         1
 Corona                   Hex            0%         N/A       95%         1
 Summon Small Mammal      Summ           0%         N/A       95%         1
 Slow                     Hex            0%         N/A       99%         2
 Wereblood                Tmut           0%         N/A       99%         2
 Call Canine Familiar     Summ           0%         N/A       100%        3
 Spider Form              Tmut/Pois      0%         N/A       100%        3
 Summon Guardian Golem    Hex/Summ       0%         N/A       100%        3
 Ice Form                 Ice/Tmut       0%         N/A       100%        4
 Hydra Form               Tmut           0%         N/A       100%        5
 Invisibility             Hex            0%         N/A       100%        6
 Shadow Creatures         Summ           N/A        N/A       100%        6


Dungeon Overview and Level Annotations

Branches:
Dungeon (15/15)            Temple (0/1) D:6            Lair (6/6) D:11
  Swamp (4/4) Lair:2        Snake (4/4) Lair:3        Slime (0/5) Lair:6
    Orc (2/2) D:11            Elf (0/3) Orc:2        Vaults (0/5) D:13
 Depths (0/5) D:15        Volcano (visited)         Gauntlet (visited)

Altars:
Dithmenos
The Shining One
Jiyva

Shops:
D:2 *   D:3 [(!(   D:8 ?   Orc:2 [=[((   Snake:1 !   Snake:3 [=:(

Portals:
Trove: D:15 (give 2 scrolls of acquirement)

Annotations:
D:4 1 runed translucent door, ClownBaby's ghost, novice FoFi
Orc:2 2 runed translucent doors, exclusion: orange crystal statue


Innate Abilities, Weirdness & Mutations

((You are quick and stealthy near water. (Stealth+, EV+, Speed+++)))
Your lower body shifts to a powerful aquatic tail in water.


Message History

* * * LOW HITPOINT WARNING * * *
The salamander sizzles in the rain.
The salamander hits you!
* * * LOW HITPOINT WARNING * * *
You are engulfed in flames!
You resist.
* * * LOW HITPOINT WARNING * * *
The nagaraja gestures at you while chanting.
The bolt of poison hits you. You resist.
* * * LOW HITPOINT WARNING * * *
The naga warrior misses you. The naga warrior constricts you.
You slash the naga warrior! You burn the naga warrior!
The naga warrior is heavily wounded.
You feel sick.
The naga sharpshooter casts a spell.
The naga sharpshooter magically shoots an arrow.
The arrow hits you!
* * * LOW HITPOINT WARNING * * *
You slice the naga warrior!! You burn the naga warrior.
The naga warrior is almost dead.
You feel very sick.
The salamander no longer looks unusually strong.
The salamander looks more healthy.
The nagaraja hits you but does no damage.
The salamander sizzles in the rain.
The salamander hits you but does no damage.
The naga warrior hits you with a +0 battleaxe!!
* * * LOW HITPOINT WARNING * * *
The naga warrior spits poison at you.
The splash of poison is repelled.
* * * LOW HITPOINT WARNING * * *
The naga warrior constricts you.
You barely miss the naga warrior.
The naga warrior is almost dead.
* * * LOW HITPOINT WARNING * * *
You feel sick. The nagaraja misses you.
The naga sharpshooter spits poison at you.
The splash of poison misses you.
You are too berserk!
You closely miss the naga warrior.
The naga warrior is almost dead.
You die...

..)###########.....######........
...)....# ##.....##...........
....)...########.....##..........
......###.....###.....#..........
.....##.....†...##....##.........
[...##...))))....##....#........#
....#....)####§§§§##...##.......#
....#...### ##NNN§##...#.......#
...##...# ##@N§.#...#.......#
...#...## ##N§.#...#.......#
...#...# #S§.#...#.......#
...#...# #§..#.[.#.......#
...#...# #..§.#[(.#)......#
...#..)# #....##).##....#..#
...#...## ......#...#......###
...##...## NN....##...#......#
...##....###.N..###÷..##......#


You could see 2 naga warriors, a nagaraja (fast, strong), a naga sharpshooter
(strong, catching breath), a salamander and a guardian serpent.

Vanquished Creatures
  Saint Roka (Snake:4)
  A tentacled monstrosity (Swamp:4)
  Frances (Swamp:1)
  Kirke (Swamp:1)
  12 nagarajas
  2 fenstrider witches
  A frost giant (D:13)
  2 very ugly things (Swamp:4)
  A minotaur (Gauntlet)
  5 bunyips
  An ettin (D:13)
  2 eleionomae (Swamp:3)
  A shambling mangrove (Swamp:1)
  2 fire dragons
  2 green deaths (Swamp:4)
  An ice dragon (D:15)
  8 vault guards (D:13)
  27 hydras
  6 salamander tyrants (Snake:4)
  Harold (D:7)
  5 boulder beetles
  2 ghost crabs (Swamp:3)
  23 naga warriors
  2 catoblepae
  An ogre mage (D:14)
  9 anacondas
  6 centaur warriors
  7 two-headed ogres
  A death knight (D:14)
  2 death scarabs (Gauntlet)
  A deep troll shaman (Lair:6)
  14 death yaks
  2 tengu warriors
  A deep troll earth mage (D:13)
  8 alligators
  A shock serpent (shapeshifter) (D:13)
  5 orc high priests
  14 naga sharpshooters
  A thrashing horror (Swamp:4)
  Urug (D:12)
  A soul eater (Gauntlet)
  14 spriggans
  11 shock serpents
  6 skeletal warriors
  A fire crab (Lair:4)
  2 salamander mystics (Snake:4)
  6 goliath frogs
  A death drake (Gauntlet)
  The ghost of Zeld the Conjurer, a novice OpCj of Sif Muna (D:7)
  3 spriggan druids
  A sea snake (Snake:3)
  10 bog bodies
  4 naga ritualists
  6 swamp dragons
  A spectral hydra (Gauntlet)
  4 lindwurms (Volcano)
  A wolf spider zombie (Gauntlet)
  8 mana vipers
  4 deep elf pyromancers
  A wolf spider (D:15)
  2 oklob plants
  6 orc sorcerers
  5 manticores
  14 orc knights
  5 ugly things
  6 will-o-the-wisps
  20 salamanders
  3 cyclopes
  A spectral centaur (Gauntlet)
  2 guardian serpents
  18 elephants
  An orange demon (Swamp:4)
  15 naga magi
  30 black mambas
  2 smoke demons (Volcano)
  3 gargoyles
  A torpor snail (Lair:3)
  19 cane toads
  5 komodo dragons
  7 freezing wraiths
  4 rime drakes
  An unseen horror (D:10)
  2 tengu conjurers
  4 trolls
  2 polar bears (Lair:6)
  8 tyrant leeches
  Prince Ribbit (D:6)
  15 hornets
  A spectral dream sheep (Gauntlet)
  11 slime creatures
  15 blink frogs
  15 dream sheep
  5 shadows
  A large abomination (Swamp:4)
  71 yaks
  A hog (shapeshifter) (D:13)
  4 wyverns
  6 basilisks
  4 steam dragons (Volcano)
  9 vampire mosquitoes
  Menkaure (D:7)
  18 swamp worms
  A spectral cane toad (Gauntlet)
  5 wargs
  3 acid dragons
  75 nagas
  19 water moccasins
  A hell hound (Volcano)
  2 ice beasts
  2 sky beasts
  27 orc warriors
  A swamp drake (Swamp:1)
  4 black bears
  28 wolves
  7 ogres
  4 centaurs
  A phantom (D:6)
  2 kobold brigands
  A scorpion (D:5)
  15 bullfrogs
  2 wyvern zombies
  A water moccasin zombie (D:5)
  A water moccasin skeleton (D:5)
  10 killer bees
  6 howler monkeys
  2 electric eels
  2 centaur zombies
  6 hounds
  2 jellies
  9 orc priests
  Crazy Yiuf (D:3)
  2 centaur skeletons (D:6)
  A gnoll shaman (D:7)
  Terence (D:3)
  6 hell rats (Lair:5)
  13 orc wizards
  2 killer bee zombies
  A howler monkey skeleton (D:5)
  3 gnolls (D:7)
  2 adders
  2 shadow imps (Gauntlet)
  3 white imps
  An ufetubus (D:5)
  2 worms
  5 dart slugs
  65 orcs
  6 ball pythons
  5 bats
  5 endoplasms
  4 giant cockroaches
  6 goblins
  4 hobgoblins
  A quokka (D:3)
  2 frilled lizards
  9 kobolds
  2 rats
1027 creatures vanquished.

Vanquished Creatures (collateral kills)
  A minotaur (Lair:1)
  A naga warrior (Snake:4)
  The ghost of Hougom the Blocker, a journeyman GrFi of Okawaru (Lair:1)
  A death yak (Lair:5)
  A naga sharpshooter (Snake:4)
  A spriggan druid (Swamp:3)
  A salamander mystic (Snake:4)
  A cyclops (D:12)
  2 orc sorcerers (Orc:2)
  A salamander (Snake:4)
  A naga mage (Snake:4)
  8 slime creatures (D:12)
  A shadow (D:12)
  A spectral black mamba (Gauntlet)
  5 nagas (Snake:4)
  A water moccasin (Lair:1)
  2 orc priests (Orc:2)
  An orc wizard (Orc:2)
31 creatures vanquished.

Vanquished Creatures (others)
  A salamander (Snake:4)
  A black mamba (Snake:4)
  Maurice (D:12)
  3 humans (Swamp:1)
  26 foxfires
  26 fungi
  40 plants
98 creatures vanquished.

Grand Total: 1156 creatures vanquished

Notes
Turn   | Place    | Note
-------+----------+-------------------------------------------
     0 | D:1      | jejorda2 the Merfolk Berserker began the quest for the Orb.
     0 | D:1      | Reached XP level 1. HP: 18/18 MP: 1/1
   439 | D:1      | Reached XP level 2. HP: 24/24 MP: 2/2
   499 | D:1      | Reached skill level 5 in Polearms
   672 | D:1      | Reached XP level 3. HP: 23/29 MP: 3/3
  1476 | D:2      | Found Mimnal's General Store.
  2412 | D:3      | Found Woiv's Distillery.
  2453 | D:3      | Bought a potion of heal wounds for 65 gold pieces
  2487 | D:3      | Reached XP level 4. HP: 32/37 MP: 4/4
  2610 | D:3      | Found Bar Hid's Armour Boutique.
  2795 | D:3      | Noticed Terence
  2807 | D:3      | Killed Terence
  2808 | D:3      | Reached skill level 6 in Polearms
  2865 | D:3      | Found Ymeot's Weapon Shop.
  2933 | D:3      | Found a runed translucent door.
  2934 | D:3      | Noticed Crazy Yiuf
  2943 | D:3      | Killed Crazy Yiuf
  2944 | D:3      | Reached XP level 5. HP: 42/42 MP: 5/5
  3004 | D:3      | Found Bifolil's Antique Weapon Shop.
  3255 | D:3      | Bought a +0 trident for 42 gold pieces
  3643 | D:4      | Found a runed translucent door.
  3649 | D:4      | Noticed ClownBaby's ghost (novice FoFi)
  3892 | D:3      | Bought a potion of curing for 39 gold pieces
  3913 | D:5      | Entered Level 5 of the Dungeon
  3913 | D:5      | Noticed an ogre
  3917 | D:5      | Killed an ogre
  3918 | D:5      | Reached skill level 7 in Polearms
  3918 | D:5      | Reached XP level 6. HP: 49/49 MP: 6/6
  3972 | D:5      | Noticed an ice beast
  3997 | D:5      | Reached ** piety under Trog
  4116 | D:5      | Reached skill level 8 in Polearms
  4132 | D:5      | Noticed a sky beast
  4150 | D:5      | Killed a sky beast
  4151 | D:5      | Reached skill level 5 in Fighting
  4151 | D:5      | Reached XP level 7. HP: 56/56 MP: 7/7
  4322 | D:5      | Reached skill level 9 in Polearms
  4652 | D:6      | Reached XP level 8. HP: 64/64 MP: 8/8
  4658 | D:6      | Reached skill level 10 in Polearms
  4829 | D:6      | Found a staircase to the Ecumenical Temple.
  5114 | D:6      | Noticed a shadow
  5132 | D:6      | Killed a shadow
  5133 | D:6      | Reached skill level 11 in Polearms
  5186 | D:6      | Found a shadowy altar of Dithmenos.
  5188 | D:6      | Identified the +0 pair of boots "Pudoc" {rElec rC++ rCorr
                  | Int-3}
  5316 | D:6      | Noticed Prince Ribbit
  5337 | D:6      | Killed Prince Ribbit
  5338 | D:6      | Reached skill level 12 in Polearms
  5424 | D:6      | Reached *** piety under Trog
  5425 | D:6      | Reached XP level 9. HP: 45/69 MP: 9/9
  5747 | D:7      | Noticed Menkaure
  5763 | D:7      | Killed Menkaure
  5764 | D:7      | Reached skill level 13 in Polearms
  5764 | D:7      | Reached skill level 5 in Armour
  5946 | D:3      | Bought a +1 hat of see invisible for 176 gold pieces
  6029 | D:7      | Noticed Harold
  6037 | D:7      | Killed Harold
  6038 | D:7      | Reached skill level 14 in Polearms
  6158 | D:7      | Found a runed translucent gate.
  6159 | D:7      | Found a runed translucent gate.
  6166 | D:7      | Found a runed translucent gate.
  6166 | D:7      | Noticed Zeld's ghost (novice OpCj)
  6563 | D:7      | Killed Zeld's ghost
  6564 | D:7      | Reached skill level 15 in Polearms
  6564 | D:7      | Reached XP level 10. HP: 76/76 MP: 10/10
  6922 | D:8      | Reached skill level 1 in Evocations
  6946 | D:8      | Found Gin Sora's Magic Scroll Emporium.
  7073 | D:8      | Reached skill level 16 in Polearms
  7092 | D:8      | Identified the +10 trident "Diso Kio" {venom, rN+}
  7167 | D:8      | Noticed a cyclops
  7179 | D:8      | Killed a cyclops
  7239 | D:8      | Upgraded the game from 0.27-a0-1123-g2f9bb313c0 to
                  | 0.27-a0-1136-g0b992a5a9d
  7274 | D:9      | Reached **** piety under Trog
  7717 | D:10     | Entered Level 10 of the Dungeon
  7771 | D:10     | Noticed a centaur warrior
  7779 | D:10     | Noticed a manticore
  7780 | D:10     | Noticed an unseen horror
  7785 | D:10     | Killed a centaur warrior
  7786 | D:10     | Reached skill level 5 in Dodging
  7795 | D:10     | Killed an unseen horror
  7796 | D:10     | Reached skill level 17 in Polearms
  7799 | D:10     | Killed a manticore
  7800 | D:10     | Reached XP level 11. HP: 76/81 MP: 11/11
  8073 | D:10     | Noticed a two-headed ogre
  8083 | D:10     | Killed a two-headed ogre
  8273 | D:10     | Reached skill level 18 in Polearms
  8303 | D:10     | Reached skill level 5 in Evocations
  8663 | D:11     | Found a staircase to the Lair.
  8832 | D:11     | Found a staircase to the Orcish Mines.
  8905 | D:11     | Reached skill level 1 in Throwing
  9012 | D:11     | Noticed a two-headed ogre
  9052 | D:11     | Killed a two-headed ogre
  9661 | D:11     | Noticed a manticore
  9672 | D:11     | Killed a manticore
  9735 | Lair:1   | Entered Level 1 of the Lair of Beasts
  9747 | Lair:1   | Found a runed translucent gate.
  9747 | Lair:1   | Found a runed translucent gate.
  9749 | Lair:1   | Found a runed translucent gate.
  9752 | Lair:1   | Noticed Hougom's ghost (journeyman GrFi)
  9754 | Lair:1   | Noticed a minotaur
  9986 | Lair:1   | Reached skill level 19 in Polearms
 10004 | Lair:1   | Reached XP level 12. HP: 83/88 MP: 12/12
 10197 | Lair:1   | Reached ***** piety under Trog
 10827 | Lair:1   | Killed a minotaur
 10828 | Lair:1   | Reached skill level 20 in Polearms
 10828 | Lair:1   | Reached skill level 5 in Throwing
 10838 | Lair:1   | Killed Hougom's ghost
 10988 | Lair:2   | Noticed a six-headed hydra
 10999 | Lair:2   | Killed a six-headed hydra
 11078 | Lair:2   | Found a gate leading to a gauntlet.
 11087 | Gauntlet | Entered a Gauntlet
 11087 | Gauntlet | Found a transporter.
 11091 | Gauntlet | Noticed a soul eater
 11099 | Gauntlet | Found a transporter.
 11102 | Gauntlet | Found a transporter.
 11103 | Gauntlet | Found a transporter.
 11107 | Gauntlet | Found a runed translucent door.
 11107 | Gauntlet | Noticed a death scarab
 11109 | Gauntlet | Found a runed translucent door.
 11111 | Gauntlet | Found a transporter.
 11114 | Gauntlet | Found a transporter.
 11115 | Gauntlet | Found a transporter.
 11122 | Gauntlet | Found a runed translucent gate.
 11122 | Gauntlet | Found a runed translucent gate.
 11122 | Gauntlet | Noticed a catoblepas
 11124 | Gauntlet | Found a transporter.
 11127 | Gauntlet | Found a transporter.
 11128 | Gauntlet | Found a transporter.
 11130 | Gauntlet | Noticed a death scarab
 11135 | Gauntlet | Noticed a death scarab
 11136 | Gauntlet | Found a transporter.
 11136 | Gauntlet | Found a runed translucent gate.
 11139 | Gauntlet | Found a transporter.
 11140 | Gauntlet | Found a transporter.
 11148 | Gauntlet | Found a transporter.
 11258 | Gauntlet | Killed a soul eater
 11306 | Gauntlet | Killed a catoblepas
 11372 | Gauntlet | Killed a death scarab
 11375 | Gauntlet | Killed a death scarab
 11376 | Gauntlet | Reached XP level 13. HP: 96/96 MP: 13/13
 11521 | Gauntlet | Identified the +4 war axe "Exeuskoc" {venom, Str+4}
 11521 | Gauntlet | Identified the +5 plate armour of the Black Moon {rPois
                  | Will+ Int+4}
 11521 | Gauntlet | Identified the -7 kite shield of the Red Skies {Dex+3}
 11521 | Gauntlet | Noticed a minotaur
 11539 | Gauntlet | Killed a minotaur
 11570 | Gauntlet | Identified the Incunabulum of Fetching Creation
 11573 | Gauntlet | Identified the +0 scale mail of Hairiness {rPois rF+ Will-
                  | Dex+7}
 11620 | Lair:2   | Identified a scroll of acquirement
 11621 | Lair:2   | Acquired 1029 gold pieces
 12024 | Lair:2   | Found a staircase to the Swamp.
 12309 | Lair:3   | Found a staircase to the Snake Pit.
 12456 | Lair:3   | Identified the ring "Vomesh" {Contam rPois rF- rCorr MP+9}
 12630 | Lair:3   | Received a gift from Trog
 13087 | Lair:3   | Identified the +2 robe of Nihilism {Str-3 Int+4}
 13287 | Lair:4   | Reached XP level 14. HP: 83/108 MP: 14/14
 14229 | Lair:4   | Reached skill level 10 in Fighting
 14229 | Lair:4   | Reached skill level 10 in Armour
 14492 | Lair:5   | Found a glowing golden altar of the Shining One.
 14578 | Lair:5   | Acquired a manual of Throwing
 14793 | Lair:5   | Acquired a manual of Armour
 14911 | Lair:5   | Reached skill level 10 in Throwing
 15591 | Lair:6   | Entered Level 6 of the Lair of Beasts
 15951 | Lair:6   | Reached XP level 15. HP: 115/115 MP: 15/15
 15996 | Lair:6   | Found a viscous altar of Jiyva.
 15996 | Lair:6   | Found a staircase to the Slime Pits.
 16315 | Lair:6   | Received a gift from Trog
 16491 | Lair:6   | Found the +8 storm bow {elec, penet}
 16987 | D:12     | Noticed Maurice
 17081 | D:12     | Noticed Urug
 17084 | D:12     | Killed Maurice
 17090 | D:12     | Killed Urug
 17458 | Orc:1    | Entered Level 1 of the Orcish Mines
 17511 | Orc:1    | Reached skill level 15 in Throwing
 17566 | Orc:1    | Found a dark tunnel.
 17572 | Volcano  | Entered a volcano
 17735 | Volcano  | Reached XP level 16. HP: 119/122 MP: 16/16
 18394 | Orc:2    | Entered Level 2 of the Orcish Mines
 18394 | Orc:2    | Found Gockid's Armour Shoppe.
 18394 | Orc:2    | Found a runed translucent door.
 18415 | Orc:2    | Found a staircase to the Elven Halls.
 18510 | Orc:2    | Found a runed translucent door.
 18522 | Orc:2    | Found the +10 tower shield of Ignorance {rN+ Int-4}
 18592 | Orc:2    | Reached XP level 17. HP: 128/128 MP: 17/17
 18696 | Orc:2    | Received a gift from Trog
 18853 | Orc:2    | Reached skill level 10 in Dodging
 18860 | Orc:2    | Found Haovy's Antique Armour Shoppe.
 18860 | Orc:2    | Found Seiduil's Weapon Boutique.
 18896 | Orc:2    | Found Rerun's Antique Weapon Boutique.
 18896 | Orc:2    | Found Nipnog's Jewellery Shoppe.
 18912 | Orc:2    | Bought a pair of glowing gloves for 195 gold pieces
 18912 | Orc:2    | Bought a heavily runed helmet for 247 gold pieces
 18912 | Orc:2    | Identified the +0 helmet of Watchfulness {rPois Dex+2} (You
                  | bought it in a shop on level 2 of the Orcish Mines)
 19314 | D:13     | Found a gate to the Vaults.
 20090 | D:13     | Identified the ring "Dinab" {rN+ rCorr Int+3 Dex-4 Stlth+}
 20816 | D:14     | Reached skill level 21 in Polearms
 21545 | D:15     | Entered Level 15 of the Dungeon
 21730 | D:15     | Reached ****** piety under Trog
 21753 | D:15     | Received a gift from Trog
 21884 | D:15     | Found a portal to a secret trove of treasure.
 22429 | D:15     | Found a staircase to the Depths.
 22822 | Swamp:1  | Entered Level 1 of the Swamp
 22832 | Swamp:1  | Paralysed by a fenstrider witch for 5 turns
 22863 | Swamp:1  | Noticed Frances
 22975 | Swamp:1  | Killed Frances
 22976 | Swamp:1  | Reached skill level 22 in Polearms
 23086 | Swamp:1  | Noticed Kirke
 23105 | Swamp:1  | Killed Kirke
 23106 | Swamp:1  | Reached XP level 18. HP: 140/140 MP: 6/18
 23455 | Swamp:1  | Identified the +9 whip of World Downfall {speed, rPois rC+
                  | SInv Stlth-}
 24152 | Swamp:2  | Reached skill level 23 in Polearms
 24256 | Swamp:2  | Received a gift from Trog
 25240 | Swamp:3  | Upgraded the game from 0.27-a0-1136-g0b992a5a9d to
                  | 0.27-a0-1137-g3ef0f4ec91
 25242 | Swamp:4  | Entered Level 4 of the Swamp
 25249 | Swamp:4  | Paralysed by a fenstrider witch for 2 turns
 25582 | Swamp:4  | Reached skill level 24 in Polearms
 26128 | Swamp:4  | Reached skill level 25 in Polearms
 26211 | Swamp:4  | Noticed a tentacled monstrosity
 26218 | Swamp:4  | Received a gift from Trog
 26219 | Swamp:4  | Reached XP level 19. HP: 146/146 MP: 19/19
 26227 | Swamp:4  | Killed a tentacled monstrosity
 26298 | Swamp:4  | Got a decaying rune of Zot
 26725 | Snake:1  | Entered Level 1 of the Snake Pit
 27309 | Snake:1  | You fall into a shaft and drop 1 floor!
 27358 | Snake:1  | Found Jixegg's Distillery.
 27365 | Snake:1  | Bought a potion of lignification for 33 gold pieces
 27537 | Snake:1  | Received a gift from Trog
 29270 | Snake:3  | Found Hugus's Antique Weapon Emporium.
 29273 | Snake:3  | Found Zaut's Book Emporium.
 29273 | Snake:3  | Found Quenoa's Jewellery Shoppe.
 29282 | Snake:3  | Found Wixzoonn's Antique Armour Shoppe.
 29292 | Snake:3  | Bought a glowing scarf for 160 gold pieces
 29292 | Snake:3  | Bought a pair of glowing gloves for 150 gold pieces
 29928 | Snake:3  | Received a gift from Trog
 30335 | Snake:4  | Entered Level 4 of the Snake Pit
 30354 | Snake:4  | Reached skill level 10 in Evocations
 30878 | Snake:4  | Noticed Saint Roka
 30897 | Snake:4  | Killed Saint Roka
 30918 | Snake:4  | Reached XP level 20. HP: 134/157 MP: 20/20
 30994 | Snake:4  | Received a gift from Trog
 32169 | Snake:4  | Received a gift from Trog
 33072 | Snake:4  | HP: 5/240 [naga warrior/+0 battleaxe (23)]
 33072 | Snake:4  | HP: 2/240 [naga warrior/+0 halberd (3)]
 33074 | Snake:4  | Succumbed to a nagaraja's bolt of poison

Illustrated notes

Levels and vault maps discovered:
D:1:      onia_arrival_mini_maze_b, layout_loops_corners
D:2:      layout_basic, serial_shops, shop_fountains
D:3:      layout_basic, serial_shops, shop_statue, shop_statue, shop,
          nicolae_shop_window_shopping, minmay_curled_crystal,
          kennysheep_generic_room_4, uniq_crazy_yiuf_cottage, uniq_terence
D:4:      layout_rooms, ebering_ghost_sewer_d
D:5:      layout_cave_pools
D:6:      layout_loops_ring, grunt_dithmenos_smoke,
          minmay_temple_entry_nine_rooms, uniq_prince_ribbit1
D:7:      layout_loops_ring, gammafunk_ghost_split, uniq_harold, uniq_menkaure
D:8:      layout_basic, serial_shops, shop
D:9:      layout_cross
D:10:     layout_loops_ring, nicolae_wwwww, minmay_checkerbox
D:11:     layout_roguey, lair_entry_dummy, orc_0_dummy, serial_co_window_serial,
          co_window_of_opportunity_a, co_window_corner_a, co_window_paths_a,
          co_window_paths_a, co_window_paths_a, co_window_of_opportunity_b,
          co_window_broadway_c, co_window_cross_3, co_window_paths_c,
          co_window_broadway_b, co_window_4corner_b
D:12:     layout_rooms, uniq_maurice, uniq_urug
D:13:     minmay_mutant_horseshoe, layout_basic, erik_vaults_2, wad_scary_box
D:14:     layout_rooms, kennysheep_another_room, minmay_misc_feat_diagonals
D:15:     grunt_enter_depths_hoard, layout_loops_ring, trove_entry_hex_spiral,
          chequers_arboretum
Lair:1:   layout_cave_pods, maelrawn_ghost_gauntlet_escape
Lair:2:   cheibrodos_lair_river_kwai, layout_big_grid, minmay_swamp_entry_swarm,
          gauntlet_entry_generic
Lair:3:   layout_loops_ring, guppyfry_snake_entry_island,
          minmay_shattered_shrine, infiniplex_staircase_pool_2
Lair:4:   layout_cave_pods, serial_rivers, chequers_serial_rivers_micro_e,
          chequers_serial_rivers_marsh, chequers_serial_rivers_room_b,
          chequers_serial_rivers_room_b, chequers_serial_rivers_room_b,
          grunt_megastairs_2
Lair:5:   layout_gridlike, basic_altar
Lair:6:   grunt_lair_end_beastmaster, layout_regular_city,
          dpeg_slime_entry_enclosed_altar
Swamp:1:  layout_basic_swamp, infiniplex_staircase_pool, swamp_pool1,
          kb_tengu_band, uniq_kirke, uniq_frances
Swamp:2:  layout_basic_swamp, evilmike_swamp_ruin_house_3
Swamp:3:  layout_basic_swamp, evilmike_swamp_ruin_house_4, swamp_pool1
Swamp:4:  swamp_vile, layout_basic_swamp, swamp_pool1
Snake:1:  dpeg_oklob_gauntlet, layout_basic, grunt_ministairs_1,
          minmay_shop_star
Snake:2:  layout_basic
Snake:3:  layout_layer_cave, hangedman_snake_thin_pillar_pass,
          serial_bayou_shore_a, minmay_shoptagon
Snake:4:  grunt_snake_rune_spirals, layout_onion, uniq_saint_roka
Orc:1:    layout_caves, nicolae_volcano_entry_s_turn, guppyfry_orc_lava_fort
Orc:2:    grunt_orc_tribal_feast, layout_diamond_mine, serial_shops, shop,
          chequers_guarded_unrand_ignorance

Skill      XL: |  1  2  3  4  5  6  7  8  9 10 11 12 13 14 15 16 17 18 19 20 |
---------------+-------------------------------------------------------------+-----
Polearms       | 5 6 7 8 9 12 15 17 19 20 22 25 | 25.0
Armour         | 2 3 4 6 7 9 11 13 14 | 14.1
Fighting       | 4 5 6 7 9 10 12 13 14 | 14.6
Dodging        | 5 6 7 9 12 13 14 | 14.4
Evocations     | 3 6 10 13 | 13.0
Throwing       | 3 6 8 11 15 16 | 16.0

Action                   |  1- 3 |  4- 6 |  7- 9 | 10-12 | 13-15 | 16-18 | 19-21 || total
-------------------------+-------+-------+-------+-------+-------+-------+-------++-------
Melee: Spear             |   147 |    27 |       |       |       |       |       ||   174
       Trident           |       |    98 |   301 |   566 |   788 |       |       ||  1753
       Tailslap          |       |       |       |     3 |     7 |    43 |       ||    53
       Glaive            |       |       |       |       |   300 |  1101 |       ||  1401
       Bardiche          |       |       |       |       |       |   129 |   966 ||  1095
Throw: Dart              |       |       |       |       |     7 |    29 |       ||    36
       Javelin           |       |       |       |       |    15 |    21 |    18 ||    54
Invok: Berserk           |     1 |     5 |     5 |     5 |     6 |     6 |     2 ||    30
       Trog's Hand       |       |       |     2 |     3 |     6 |     2 |     3 ||    16
       Brothers in Arms  |       |       |       |     3 |     2 |     2 |     1 ||     8
Evoke: Wand              |       |       |       |       |    12 |       |       ||    12
       Tin of tremorston |       |       |       |       |     2 |       |     2 ||     4
       Condenser vane    |       |       |       |       |       |       |     2 ||     2
  Use: Scroll            |       |    10 |     5 |     6 |    11 |     3 |     1 ||    36
       Potion            |       |       |     1 |       |     2 |       |       ||     3
 Stab: Sleeping          |     4 |       |       |       |       |       |       ||     4
       Distracted        |       |       |       |       |     1 |     1 |       ||     2
       Petrifying        |       |       |       |       |     1 |       |       ||     1
       Petrified         |       |       |       |       |     1 |       |       ||     1
Armor: Animal skin       |    18 |       |       |       |       |       |       ||    18
       Ring mail         |     4 |     3 |       |       |       |       |       ||     7
       Chain mail        |       |    46 |    90 |   204 |    24 |       |       ||   364
       Plate armour      |       |       |       |       |   410 |   554 |   342 ||  1306
Dodge: Dodged            |    55 |    45 |    57 |   166 |   372 |   653 |   492 ||  1840
       Repelled          |       |       |       |       |       |       |    63 ||    63

Table legend: (Time is in decaauts)
 A = Elapsed time spent in this place.
 B = Non-inter-level travel time spent in this place.
 C = Inter-level travel time spent in this place.
 D = Time resting spent in this place.
 E = Time spent auto-exploring this place.
 F = Levels seen in this place.
 G = Mean time per level.
                   A        B        C        D        E       F      G
               +--------+--------+--------+--------+--------+-----+--------+
         Total |  31562 |  29264 |   2298 |   2009 |  20269 |  33 |  956.4 |
       Dungeon |  13610 |  12377 |   1233 |    739 |   9640 |  15 |  907.3 |
          Lair |   6655 |   6307 |    348 |    239 |   4492 |   6 | 1109.2 |
         Swamp |   3129 |   2892 |    237 |    331 |   1744 |   4 |  782.2 |
     Snake Pit |   5979 |   5624 |    355 |    506 |   3216 |   4 | 1494.8 |
  Orcish Mines |   1455 |   1333 |    122 |     42 |    973 |   2 |  727.5 |
       Volcano |    207 |    207 |      0 |     15 |     41 |   1 |  207.0 |
      Gauntlet |    525 |    525 |      0 |    134 |    162 |   1 |  525.0 |
               +--------+--------+--------+--------+--------+-----+--------+

Top non-repeatable levels by time:
 Snake:4: 2325 daAuts
 Snake:3: 1642 daAuts
     D:1: 1455 daAuts
    D:13: 1361 daAuts
    D:11: 1288 daAuts
  Lair:6: 1180 daAuts
  Lair:1: 1143 daAuts
  Lair:4: 1141 daAuts
    D:15: 1123 daAuts
  Lair:5: 1078 daAuts
  Lair:3: 1072 daAuts
     D:3: 1051 daAuts
  Lair:2: 1039 daAuts
 Snake:1: 1023 daAuts
 Snake:2: 989 daAuts
